 Dungeon Crawl Stone Soup version 0.21.1 (webtiles) character file.

65 pk666 the Skirmisher (level 3, 0/35 HPs)
             Began as a Minotaur Berserker on Feb 3, 2018.
             Was a Believer of Trog.
             Slain by an adder (5 damage)
             ... on level 2 of the Dungeon.
             The game lasted 00:02:32 (1118 turns).

pk666 the Skirmisher (Minotaur Berserker)           Turns: 1118, Time: 00:02:33

Health: 0/35       AC:  2    Str: 22    XL:     3   Next: 94%
Magic:  2/2        EV: 12    Int:  4    God:    Trog [**....]
Gold:   66         SH:  0    Dex:  9    Spells: 2/2 levels left

rFire    . . .     SeeInvis .   a - +0 hand axe
rCold    . . .     Gourm    .   (no shield)
rNeg     . . .     Faith    .   b - +0 animal skin
rPois    .         Spirit   .   (helmet restricted)
rElec    .         Reflect  .   (no cloak)
rCorr    .         Harm     .   (no gloves)
MR       .....                  (no boots)
Stlth    +.........             (no amulet)
HPRegen  0.11/turn              (no ring)
MPRegen  0.08/turn              (no ring)

@: lethally poisoned (0 -> -13)
A: retaliatory headbutt, horns 2
a: Berserk, Trog's Hand, Burn Spellbooks, Renounce Religion


You were on level 2 of the Dungeon.
You worshipped Trog.
Trog was pleased with you.
You were not hungry.

You visited 1 branch of the dungeon, and saw 2 of its levels.

You collected 66 gold pieces.

Inventory:

Hand Weapons
 a - a +0 hand axe (weapon)
Armour
 b - a +0 animal skin (worn)
Jewellery
 n - a cursed ring of teleportation {unknown}
Scrolls
 d - 2 scrolls of fog {unknown}
 g - a scroll of immolation {unknown}
 i - a scroll of teleportation {unknown}
 k - a scroll of noise {unknown}
 l - a scroll of enchant weapon {unknown}
 o - 2 scrolls of identify {unknown}
Potions
 e - a potion of haste {unknown}
 f - a potion of might {unknown}
 h - 3 potions of berserk rage {unknown}
 m - a potion of experience {unknown}
 p - a potion of curing {unknown}
Comestibles
 c - 3 rations
 j - a chunk of flesh


   Skills:
 + Level 4.9 Fighting
 + Level 4.9 Axes
 - Level 2.4 Armour
 - Level 2.1 Dodging


You had 2 spell levels left.
You didn't know any spells.

Dungeon Overview and Level Annotations

Branches:
Dungeon (2/15)

Altars:
Makhleb


Innate Abilities, Weirdness & Mutations

You reflexively headbutt those who attack you in melee.
You have a pair of horns on your head.


Message History

You are too injured to fight recklessly!
You are too injured to fight recklessly!
You are too injured to fight recklessly!
You are too injured to fight recklessly!
You slash the adder!
The adder is almost dead.
You feel sick. The adder bites you.
* * * LOW HITPOINT WARNING * * *
You are more poisoned.
The adder poisons you! The adder bites you.
* * * LOW HITPOINT WARNING * * *
You closely miss the adder. Your headbutt misses the adder.
The adder is severely wounded.
* * * LOW HITPOINT WARNING * * *
You feel sick. The adder barely misses you.
You closely miss the adder.
The adder is severely wounded.
* * * LOW HITPOINT WARNING * * *
You feel sick. The adder bites you.
You die...

############
..[(......>#
########.#########
# #.........# #
#########.# # #.#
# #.# # #@# #
......†S#
........#
#...$...#
#..$...## #......
####... ####


You could see an adder.

Vanquished Creatures
  Jessica (D:2)
  2 dart slugs (D:1)
  A leopard gecko (D:1)
  A ball python (D:1)
  5 goblins (D:1)
  7 hobgoblins
  5 bats
  A frilled lizard (D:1)
  7 kobolds (D:1)
  5 rats (D:1)
  A bush (D:1)
36 creatures vanquished.

Vanquished Creatures (others)
  A plant (D:1)
1 creature vanquished.

Grand Total: 37 creatures vanquished

Notes
Turn   | Place    | Note
-------+----------+-------------------------------------------
     0 | D:1      | pk666 the Minotaur Berserker began the quest for the Orb.
     0 | D:1      | Reached XP level 1. HP: 19/19 MP: 0/0
   175 | D:1      | HP: 1/20 [kobold/club (4)]
   176 | D:1      | Reached XP level 2. HP: 2/27 MP: 1/1
   562 | D:1      | Reached ** piety under Trog
   755 | D:1      | Reached XP level 3. HP: 27/34 MP: 2/2
  1008 | D:2      | Noticed Jessica
  1013 | D:2      | Killed Jessica
  1073 | D:2      | Found a burning altar of Makhleb.
  1118 | D:2      | Slain by an adder

Skill      XL: |  1 |
---------------+----+-----
Fighting       | 4 |  4.9
Axes           | 4 |  4.9
Armour         | |  2.4
Dodging        | |  2.1

Action                   || total
-------------------------++-------
Melee: Hand axe          ||   104
       Headbutt          ||    19
  Eat: Chunk             ||     1
Armor: Animal skin       ||    17
Dodge: Dodged            ||    59
